 Dungeon Crawl Stone Soup version 0.18.1-50-g88ac8fd (webtiles) character file.

157 Gargoyl the Skirmisher (level 5, -1/42 HPs)
             Began as a Demonspawn Abyssal Knight on Oct 13, 2016.
             Was a Believer of Lugonu.
             Killed from afar by an orc wizard (9 damage)
             ... with a puff of flame
             ... on level 3 of the Dungeon.
             The game lasted 00:05:02 (2063 turns).

Gargoyl the Skirmisher (Demonspawn Abyssal Knight)  Turns: 2063, Time: 00:05:03

Health: -1/42      AC: 11    Str: 11 (13) XL:     5   Next: 15%
Magic:  7/7        EV:  1    Int: 11 (14) God:    Lugonu [**....]
Gold:   162        SH:  4    Dex:  9 (12) Spells: 0 memorised, 4 levels left

rFire  . . .     SeeInvis .     a - +1 hand axe
rCold  + . .     Gourm    .     e - +0 plate armour
rNeg   . . .     Faith    .     g - +2 buckler
rPois  .         Spirit   .     (no helmet)
rElec  .         Dismiss  .     (no cloak)
rCorr  .         Reflect  .     d - +0 pair of gloves
SustAt .         Harm     .     (boots unavailable)
MR     +....                    (no amulet)
Stlth  ..........               m - ring of protection from cold
                                r - ring of protection from magic

@: heavily drained, somewhat resistant to hostile enchantments, extremely
unstealthy
A: claws 1, talons 3
a: Depart the Abyss, Bend Space, Renounce Religion


You were on level 3 of the Dungeon.
You worshipped Lugonu.
Lugonu was pleased with you.
You were not hungry.

You visited 1 branch of the dungeon, and saw 3 of its levels.
You visited the Abyss 1 time.

You collected 162 gold pieces.

Inventory:

Hand Weapons
 a - a +1 hand axe (weapon)
Armour
 d - a +0 pair of gloves (worn)
 e - a +0 plate armour (worn)
 g - a +2 buckler (worn)
Jewellery
 m - a ring of protection from cold (right hand)
 r - a ring of protection from magic (left hand)
 s - an uncursed ring of flight
Scrolls
 h - a scroll of blinking
 p - 5 scrolls of remove curse
 q - 4 scrolls of amnesia {unknown}
 t - a scroll of teleportation
 u - a scroll of identify {unknown}
Comestibles
 b - 4 meat rations
 c - 5 bread rations
 f - 7 fruits
 o - a slice of pizza
 v - 6 chunks of flesh


   Skills:
 + Level 3.7(1.2) Fighting
 + Level 2.8(0.4) Axes
 * Level 2.7(0.4) Armour
 + Level 1.1(0.0) Dodging
 + Level 1.6(0.0) Shields
 * Level 3.4(1.0) Invocations


You had 4 spell levels left.
You didn't know any spells.

Dungeon Overview and Level Annotations

Branches:
Dungeon (3/15)

Altars:
Kikubaaqudgha
Sif Muna


Innate Abilities, Weirdness & Mutations

You have sharp fingernails.
You have claws for feet.


Message History

You hear some strange, mumbled words.
A puff of flame appears from out of thin air!
The puff of flame hits you!
* * * LOW HITPOINT WARNING * * *
Your plate armour prevents you from hitting something.
You hear some strange, mumbled words.
A puff of frost appears from out of thin air!
The puff of frost hits you! You resist.
* * * LOW HITPOINT WARNING * * *
You hear some strange, mumbled words.
A magic dart appears from out of thin air!
The magic dart hits you!
Drink which item? (? for menu, Esc to quit)
It was a potion of degeneration.
There was something very wrong with that liquid.
You feel weakened.
You feel dopey.
You feel clumsy.
You hear some strange, mumbled words.
A puff of flame appears from out of thin air!
The puff of flame hits you!
You die...

..
#......##.÷######.#
##..######........#
.... ####.....#
##..# ####..÷.>..#
=...###....#.....#
........####.....#
..........##.....#
...................
...#..)@{...........
## #..)†).###.......
#........# #######
###......# #......#
#..%...# #..#####
...


There were no monsters in sight!

Vanquished Creatures
  2 orc wizards (D:3)
  4 adders
  A worm (D:2)
  3 dart slugs
  A giant gecko (D:2)
  6 orcs (D:3)
  4 giant cockroaches
  8 hobgoblins
  3 jackals (D:3)
  2 quokkas (D:3)
  7 bats
  3 giant newts
  4 goblins
  5 kobolds
  6 rats
59 creatures vanquished.

Vanquished Creatures (others)
  A human (D:2)
1 creature vanquished.

Grand Total: 60 creatures vanquished

Notes
Turn   | Place    | Note
--------------------------------------------------------------
     0 | Abyss:1  | Gargoyl the Demonspawn Abyssal Knight began the quest for the Orb.
     0 | Abyss:1  | Reached XP level 1. HP: 18/18 MP: 2/2
    78 | Abyss:2  | Found a corrupted altar of Lugonu.
    96 | Abyss:2  | Noticed a wretched star
    96 | D:1      | Escaped the Abyss
   103 | D:1      | Noticed a four-headed hydra
   103 | D:1      | Noticed a swamp worm
   103 | D:1      | Noticed a redback
   104 | D:1      | Noticed a hound
   148 | D:1      | Reached * piety under Lugonu
   296 | D:1      | Gained mutation: You have sharp toenails. [demonic ancestry]
   296 | D:1      | Reached XP level 2. HP: 24/24 MP: 4/4
  1053 | D:2      | Gained mutation: You have razor-sharp toenails. [demonic ancestry]
  1053 | D:2      | Reached XP level 3. HP: 29/29 MP: 5/5
  1280 | D:2      | Reached ** piety under Lugonu
  1286 | D:2      | Reached skill level 1 in Dodging
  1334 | D:2      | Found a deep blue altar of Sif Muna.
  1480 | D:2      | Found an ancient bone altar of Kikubaaqudgha.
  1481 | D:2      | Noticed a human
  1483 | D:2      | Killed a human
  1780 | D:3      | Reached skill level 1 in Shields
  1780 | D:3      | Gained mutation: You have sharp fingernails. [demonic ancestry]
  1780 | D:3      | Reached XP level 4. HP: 22/36 MP: 6/6
  2024 | D:3      | Gained mutation: You have claws for feet. [demonic ancestry]
  2024 | D:3      | Reached XP level 5. HP: 42/42 MP: 7/7
  2063 | D:3      | Killed from afar by an orc wizard

Skill      XL: |  1  2  3 |
---------------+----------+-----
Axes           | 2 |  2.8
Invocations    | 3 |  3.4
Armour         | 2 |  2.7
Dodging        | 1 |  1.1
Shields        | 1 |  1.6
Fighting       | |  3.7

Action                   |  1- 3 |  4- 6 || total
-------------------------+-------+-------++-------
Melee: Hand axe          |   157 |    65 ||   222
       Kick              |    29 |    12 ||    41
Invok: Depart the Abyss  |     1 |       ||     1
  Use: Scroll            |     5 |       ||     5
       Potion            |       |     5 ||     5
  Eat: Chunk             |     3 |     1 ||     4
Armor: Plate armour      |   148 |    77 ||   225
       Skin              |       |    28 ||    28
Dodge: Dodged            |    22 |    21 ||    43
Block: Buckler           |    40 |    24 ||    64
